 Dungeon Crawl Stone Soup version 0.30.1 (webtiles) character file.

Game seed: 7646051741333333691

32 spardeous the Digger (level 3, -4/14 HPs)
             Began as a Felid Earth Elementalist on July 9, 2023.
             Slain by a kobold brigand
             ... wielding a +0 dagger of venom
              (5 damage)
             ... on level 4 of the Dungeon.
             The game lasted 00:02:09 (675 turns).

spardeous the Digger (Felid Earth Elementalist)      Turns: 675, Time: 00:02:09

Health: -4/14      AC:  1    Str:  4    XL:     3   Next: 8%
Magic:  2/7        EV: 17    Int: 18    God:
Gold:   13         SH:  0    Dex: 16    Spells: 5/6 levels left
                                        Lives:  0   Deaths: 0

rFire   . . .        (weapon unavailable)
rCold   . . .        (shield unavailable)
rNeg    . . .        (body armour unavailable)
rPois   .            (helmet unavailable)
rElec   .            (cloak unavailable)
rCorr   .            (gloves unavailable)
SInv    +            (boots unavailable)
Will    .....        (no amulet)
Stlth   ++           (no ring)
HPRegen 0.22/turn    (no ring)
MPRegen 0.10/turn

%: no passive effects
@: lethally poisoned (-4 -> -8), quick
A: very small, claws 1, fangs 3, see invisible, speed 1, shaggy fur 1, stealthy
paws, no weapons or thrown items, no armour, multi-lived
a: no special abilities


You were on level 4 of the Dungeon.
You visited 1 branch of the dungeon, and saw 4 of its levels.

You collected 13 gold pieces.

Inventory:

Scrolls
 d - 2 scrolls of immolation
 e - a scroll of vulnerability {unknown}
 g - 2 scrolls of magic mapping {unknown}
Potions
 a - a potion of magic
 b - a potion of curing {unknown}
 c - a potion of brilliance {unknown}
 f - a potion of mutation {unknown}


   Skills:
 - Level 2.6 Dodging
 - Level 2.6 Stealth
 - Level 2.0 Spellcasting
 - Level 1.1 Transmutations
 + Level 3.9 Earth Magic


You had 5 spell levels left.
You knew the following spells:

 Your Spells              Type           Power      Damage    Failure   Level
a - Sandblast             Erth           30%        2d9       3%          1

Your spell library contained the following spells:

 Spells                   Type           Power      Damage    Failure   Level
 Passwall                 Tmut/Erth      8%         N/A       10%         2
 Stone Arrow              Conj/Erth      16%        3d8       24%         3
 Ozocubu's Armour         Ice            1%         N/A       47%         3
 Petrify                  Tmut/Erth      10%        N/A       54%         4
 Ozocubu's Refrigeration  Ice            0%         4d7       100%        7


Dungeon Overview and Level Annotations

Branches:
Dungeon (4/15)
 Temple: D:4-7

Altars:


Innate Abilities, Weirdness & Mutations

You have sharp claws.
You have razor-sharp teeth.
You have supernaturally acute eyesight. (SInv)
You cover ground quickly. (Speed+)
You are covered in fur. (AC +1)
Your paws help you pounce on unaware monsters.
You are incapable of wielding weapons or throwing items.
You cannot wear armour.
You gain extra lives every three experience levels.


Message History

Aim: a kobold brigand, wielding a +0 dagger of venom and quivering poisoned darts (77% to hit)
Okay, then.
Casting: Sandblast (safe; 3% risk of failure)
Confirm with . or Enter, or press ? or * to list all spells.
Aiming: Sandblast (safe; 3% risk of failure)
Press: ? - help, Shift-Dir - straight line, f - kobold brigand
Aim: a kobold brigand, wielding a +0 dagger of venom and quivering poisoned darts (77% to hit)
The blast of sand hits the kobold brigand!
The kobold brigand is moderately wounded.
Casting: Sandblast (safe; 3% risk of failure)
Confirm with . or Enter, or press ? or * to list all spells.
Aiming: Sandblast (safe; 3% risk of failure)
Press: ? - help, Shift-Dir - straight line, f/p - kobold brigand
Aim: a kobold brigand, wielding a +0 dagger of venom and quivering poisoned darts (moderately wounded, 77% to hit)
The blast of sand hits the kobold brigand.
The kobold brigand is heavily wounded.
The kobold brigand hits you with a +0 dagger of venom.
You are poisoned.
The kobold brigand closely misses you.
Casting: Sandblast (safe; 3% risk of failure)
Confirm with . or Enter, or press ? or * to list all spells.
Aiming: Sandblast (safe; 3% risk of failure)
Press: ? - help, Shift-Dir - straight line, f/p - kobold brigand
Aim: a kobold brigand, wielding a +0 dagger of venom and quivering poisoned darts (heavily wounded, 77% to hit)
The blast of sand hits the kobold brigand!
The kobold brigand is severely wounded.
You feel very sick. The kobold brigand closely misses you.
Casting: Sandblast (safe; 3% risk of failure)
Confirm with . or Enter, or press ? or * to list all spells.
Aiming: Sandblast (safe; 3% risk of failure)
Press: ? - help, Shift-Dir - straight line, f/p - kobold brigand
Aim: a kobold brigand, wielding a +0 dagger of venom and quivering poisoned darts (severely wounded, 77% to hit)
The blast of sand hits the kobold brigand.
The kobold brigand is almost dead.
You feel sick.
The kobold brigand hits you with a +0 dagger of venom.
* * * LOW HITPOINT WARNING * * *
The kobold brigand hits you with a +0 dagger of venom.
You die...

####.~~~~#.K#
.....~~≈~ .K#
....~~≈≈ ..#
....~≈##.K
#..~~#..#
#...~#..#
#...)#).#
#...K)..#
#..@#...#
#.....#####
......###
#..... ......
..... .....
..#.


You could see a kobold brigand.

Vanquished Creatures
  An adder (D:3)
  An orc (D:3)
  2 ball pythons (D:2)
  2 bats
  An endoplasm (D:1)
  A giant cockroach (D:3)
  2 hobgoblins
  A jackal (D:1)
  6 kobolds
  A quokka (D:1)
  A frilled lizard (D:1)
  A rat (D:3)
20 creatures vanquished.

Notes
Turn   | Place    | Note
-------+----------+-------------------------------------------
     0 | D:1      | spardeous the Felid Earth Elementalist began the quest for
                  | the Orb.
     0 | D:1      | Reached XP level 1. HP: 7/7 MP: 4/4
   254 | D:1      | Reached skill level 3 in Earth Magic
   319 | D:2      | Reached XP level 2. HP: 11/11 MP: 4/6
   495 | D:3      | Found a faded altar of an unknown god.
   582 | D:4      | Noticed a kobold brigand
   592 | D:4      | Noticed a kobold brigand
   636 | D:3      | Reached XP level 3. HP: 14/14 MP: 4/7
   675 | D:4      | Slain by a kobold brigand

Illustrated notes

Levels and vault maps discovered:
D:1:      dpeg_arrival_brainrot, layout_basic, serial_shops, shop,
          skrybe_limestone_x, minmay_pentomino_q4
D:2:      layout_basic, kennysheep_generic_room_7
D:3:      cheibrodos_old_hovel, layout_rooms, hellmonk_ecumenical_altar_blasted,
          kennysheep_another_room, roderic_serpentine_path
D:4:      cheibrodos_thug_alley, layout_loops_cross,
          mainiacjoe_overflow_brackets, nicolae_qazlal_general_emergency,
          serial_rivers, chequers_serial_rivers_room_a,
          chequers_serial_rivers_small_3, chequers_serial_rivers_small_b,
          chequers_serial_rivers_micro_a, minivault_1, uniq_eustachio,
          uniq_edmund

Skill      XL: |  1 |
---------------+----+-----
Earth Magic    | 3 |  3.9
Dodging        | |  2.6
Stealth        | |  2.6
Spellcasting   | |  2.0
Transmutations | |  1.1

Action                     || total
---------------------------++-------
  Melee: Unarmed           ||     3
         Bite              ||     1
   Cast: Sandblast         ||    36
  Dodge: Dodged            ||    15
